 Dungeon Crawl Stone Soup version 0.29-a0-658-g94431d1 (webtiles) character file.

Game seed: 10738288642801626102

126710 GeorgeSoros the Spry (level 16, -1/84 HPs)
             Began as a Spriggan Enchanter on Dec 13, 2021.
             Was the Champion of Dithmenos.
             Constricted to death by a shambling mangrove (15 damage)
             ... on level 3 of the Swamp on June 21, 2022.
             The game lasted 03:40:41 (44201 turns).

GeorgeSoros the Spry (Spriggan Enchanter)          Turns: 44201, Time: 03:40:41

Health: -1/84      AC:  8    Str: 10    XL:     16   Next: 44%
Magic:  33/33      EV: 38    Int: 20    God:    Dithmenos [******]
Gold:   3506       SH: 17    Dex: 30    Spells: 5/20 levels left

rFire   . . .      SeeInvis +   a - +9 quick blade (vorpal)
rCold   . . .      Faith    .   e - +3 warlock's mirror {reflect}
rNeg    . . .      Spirit   .   y - +3 steam dragon scales
rPois   .          Reflect  +   (helmet restricted)
rElec   .          Harm     .   u - scarf {repulsion}
rCorr   .          Rampage  .   (gloves unavailable)
Will    +++..                   (boots unavailable) Stlth ***+++++++
                                O - amulet "Ynuh" {Reflect MP+9 Str+4 Dex+2 Slay+3 SH+5}
HPRegen 0.24/turn               j - +6 ring of dexterity
MPRegen 0.23/turn               V - ring "Maemnuahe" {Will+ Int+4 Stlth+}

@: grasped by roots, wreathed by umbra, constricted, studying 2 skills, repel
missiles, very quick
A: very small, no large weapons, unfitting armour, see invisible, speed 3
a: Renounce Religion, Shadow Step, Shadow Form


You were on level 3 of the Swamp.
You worshipped Dithmenos.
Dithmenos was exalted by your worship.
You visited 5 branches of the dungeon, and saw 26 of its levels.
You also visited: Bailey, Gauntlet, Ice Cave and Volcano.

You collected 3506 gold pieces.

Inventory:

Hand Weapons
 a - a +9 vorpal quick blade (weapon)
 b - a +1 shortbow of freezing
 N - a +1 demon blade of flaming
Missiles
 t - 12 curare-tipped darts (quivered)
Armour
 c - +0 acid dragon scales
 e - the +3 warlock's mirror (worn) {reflect}
   (You acquired it in a bailey)

   It can block and reflect piercing ranged attacks and magical attacks against
   the wielder's willpower.
 s - a +1 robe of the Archmagi
 u - a scarf of repulsion (worn)
 y - +3 steam dragon scales (worn)
 H - +0 swamp dragon scales
Jewellery
 j - a +6 ring of dexterity (left hand)
 m - an amulet of regeneration
 p - a +6 ring of strength
 q - an amulet of faith
 B - an amulet of the acrobat
 K - an amulet of regeneration
 O - the amulet "Ynuh" (around neck) {Reflect MP+9 Str+4 Dex+2 Slay+3 SH+5}
   (You acquired it in a bailey)

   [amulet of reflection]

   It reflects blocked missile attacks.
   Str:       It affects your strength (+4).
   Dex:       It affects your dexterity (+2).
   Slay:      It affects your accuracy & damage with ranged weapons and melee
   (+3).
   MP:        It affects your magic capacity (+9).
   SH:        It affects your SH (+5).
 P - a ring of positive energy
 S - a ring of wizardry
 T - a ring of poison resistance
 U - the ring "Ovouzuip" {rF+ rN++ Will- rCorr Dex-4}
   (You found it in a Gauntlet)

   [ring of resist corrosion]

   Dex:       It affects your dexterity (-4).
   rF:        It protects you from fire.
   rN:        It greatly protects you from negative energy.
   rCorr:     It protects you from acid and corrosion.
   Will:      It decreases your willpower.
 V - the ring "Maemnuahe" (right hand) {Will+ Int+4 Stlth+}
   (You took it off a minotaur in a Gauntlet)

   [ring of willpower]

   Int:       It affects your intelligence (+4).
   Will:      It increases your willpower.
   Stlth:     It makes you more stealthy.
Wands
 f - a wand of digging (6)
 k - a wand of flame (28)
 w - a wand of mindburst (36)
 A - a wand of iceblast (9)
 C - a wand of charming (7)
 E - a wand of paralysis (2)
 Z - a wand of polymorph (5)
Scrolls
 d - 7 scrolls of teleportation
 r - 15 scrolls of identify
 v - 3 scrolls of blinking
 G - 2 scrolls of amnesia
 I - 2 scrolls of fear
 J - 2 scrolls of immolation
 X - 2 scrolls of enchant armour
 Y - a scroll of fog
Potions
 h - 3 potions of cancellation
 i - a potion of mutation
 l - 7 potions of brilliance
 o - 7 potions of curing
 x - 3 potions of ambrosia
 z - 7 potions of lignification
 D - 6 potions of haste
 L - a potion of might
 M - 3 potions of resistance
 Q - 3 potions of flight
 R - a potion of magic
 W - a potion of berserk rage
Miscellaneous
 F - a lightning rod (4/4)


   Skills:
 + Level 9.5 Fighting
 - Level 10.0 Short Blades
 - Level 15.1 Bows
 + Level 3.7 Armour
 - Level 18.3 Dodging
 - Level 14.5 Stealth
 - Level 5.0 Shields
 - Level 2.6 Spellcasting
 + Level 10.1 Hexes
 - Level 3.0 Ice Magic
 - Level 10.0 Invocations
 + Level 11.0 Evocations


You had 5 spell levels left.
You knew the following spells:

 Your Spells              Type           Power      Damage    Failure   Level
a - Ensorcelled Hibernat  Hex/Ice        56%        N/A       3%          2
b - Tukima's Dance        Hex            43%        N/A       1%          3
c - Confusing Touch       Hex            43%        N/A       1%          3
d - Enfeeble              Hex            21%        N/A       98%         7

Your spell library contained the following spells:

 Spells                   Type           Power      Damage    Failure   Level
 Dazzling Flash           Conj/Hex       44%        N/A       11%         3
 Summon Guardian Golem    Hex/Summ       22%        N/A       11%         3
 Ozocubu's Armour         Ice            14%        N/A       24%         3
 Sting                    Tmut/Pois      8%         1d3       28%         1
 Summon Small Mammal      Summ           8%         N/A       28%         1
 Anguish                  Hex/Necr       11%        N/A       34%         4
 Fulminant Prism          Conj/Hex       11%        3d9       34%         4
 Poisonous Vapours        Pois/Air       4%         N/A       38%         2
 Scorch                   Fire           4%         2d5       38%         2
 Call Canine Familiar     Summ           2%         N/A       63%         3
 Conjure Flame            Conj/Fire      2%         6-21      63%         3
 Ignite Poison            Fire/Tmut/Pois 2%         N/A       63%         3
 Corpse Rot               Necr/Pois/Air  2%         N/A       95%         4
 Flame Wave               Conj/Fire      2%         2d4       95%         4
 Iskenderun's Mystic Bla  Conj/Tloc      2%         2d3       95%         4
 Olgreb's Toxic Radiance  Pois           2%         N/A       95%         4
 Sticky Flame             Conj/Fire      2%         2d3       95%         4
 Summon Lightning Spire   Summ/Air       2%         N/A       95%         4
 Fireball                 Conj/Fire      1%         3d3       100%        5
 Iskenderun's Battlesphe  Conj           2%         2d6       100%        5
 Lee's Rapid Deconstruct  Erth           1%         3d5*      100%        5
 Conjure Ball Lightning   Conj/Air       1%         3x3d6     100%        6
 Starburst                Conj/Fire      1%         6d3       100%        6
 Summon Cactus Giant      Summ           1%         N/A       100%        6
 Orb of Destruction       Conj           1%         9d5       100%        7
 Ozocubu's Refrigeration  Ice            7%         4d6       100%        7
 Spellforged Servitor     Conj/Summ      1%         N/A       100%        7
 Storm Form               Tmut/Air       1%         N/A       100%        7
 Maxwell's Capacitive Co  Air            1%         ∞         100%        8


Dungeon Overview and Level Annotations

Branches:
Dungeon (13/15)            Temple (1/1) D:7            Lair (6/6) D:9
  Swamp (4/4) Lair:4       Spider (0/4) Lair:2        Slime (0/5) Lair:6
    Orc (2/2) D:12            Elf (0/3) Orc:2        Bailey (visited)
  IceCv (visited)         Volcano (visited)         Gauntlet (visited)
 Vaults: D:13-14

Altars:
Cheibriados
Dithmenos
Elyvilon
Gozag
Kikubaaqudgha
Makhleb
Okawaru
Qazlal
Ru
Sif Muna
Trog
Vehumet
Wu Jian
Xom
Zin
Beogh

Shops:
D:2 *   D:8 *   D:12 [   Orc:2 *!(=

Portals:
Pandemonium: Orc:2

Annotations:
D:4 2 runed translucent doors, cheechan's ghost, weakling OpFE
D:5 1 runed translucent door, mort's ghost, novice OpMo
Swamp:4 Lernaean hydra


Innate Abilities, Weirdness & Mutations

You are very small and have problems with some larger weapons.
You are too small for most types of armour.
You have supernaturally acute eyesight. (SInv)
You cover ground extremely quickly. (Speed+++)


Message History

* * * LOW HITPOINT WARNING * * *
You emit a cloud of dark smoke.
You hit the shambling mangrove.
The shambling mangrove is moderately damaged.
You hit the shambling mangrove.
The shambling mangrove is moderately damaged.
Your shadow hits the shambling mangrove but does no damage.
You hit the shambling mangrove.
The shambling mangrove is heavily damaged.
Your shadow hits the shambling mangrove but does no damage.
The shambling mangrove completely misses you.
The grasping roots constrict you!
* * * LOW HITPOINT WARNING * * *
Blink to where?
Press: ? - help, Dir - move target The roots' grasp on you weakens, but your attempt to escape fails.
As you read the scroll of blinking, it crumbles to dust.
Aiming: Mindburst
Press: ? - help, Shift-Dir - straight line, f - shambling mangrove
Aim: a shambling mangrove (black smoke, heavily damaged, umbra, chance to affect: 32%)
Okay, then.
You are confused.
You feel invigorated.
The shambling mangrove completely misses you.
The grasping roots constrict you!
* * * LOW HITPOINT WARNING * * *
You escape the roots' grasp.
You enter the shallow water.
Moving in this stuff is going to be slow.
You're too confused to move!
You feel less invigorated.
You feel less confused.
Roots burst forth from the earth!
The grasping roots grab you! The grasping roots constrict you!
* * * LOW HITPOINT WARNING * * *
You escape the roots' grasp.
Roots burst forth from the earth!
The grasping roots grab you! The grasping roots constrict you!
You die...

≈≈≈≈≈..♣♣.§≈.≈♣♣≈≈≈...♣≈..≈♣
≈≈≈≈≈.♣♣.≈≈≈≈.♣.≈§≈≈..≈≈≈.♣♣
≈≈§≈≈..≈.≈≈≈≈.....≈♣♣♣♣^..♣♣
≈≈...≈..≈≈..≈≈≈.♣♣♣♣♣♣♣♣≈.≈♣
≈≈≈≈≈.(≈...≈≈≈§..≈≈♣♣§.♣..≈♣
≈≈≈≈[≈<≈♣.≈♣..(≈.≈.......≈♣♣
≈§§≈≈≈≈....♣♣♣♣.≈≈≈...♣≈≈♣♣
≈♣♣.[≈≈≈..♣♣♣♣♣.≈≈≈..♣≈..≈♣
..≈≈.≈≈≈..♣♣.≈.♣@....♣.≈≈)♣
..)≈≈≈§≈..♣♣≈≈≈≈♣♣≈≈≈..≈≈.♣
..≈≈≈≈≈..♣♣♣...≈≈≈≈≈≈≈...≈♣♣
....≈§...♣ ♣♣♣.≈≈...≈≈≈....♣
..≈≈≈≈.♣♣♣ ♣.≈≈≈.≈.≈§f..≈♣♣
≈≈≈≈≈≈≈♣ ♣.≈^♣♣♣♣.......♣
....≈≈.♣ ♣♣♣♣♣♣♣≈≈≈.....♣♣
♣♣♣..≈.♣♣
♣♣≈♣♣♣♣.≈≈....≈§.♣♣ ♣
♣♣≈≈≈.♣ ♣≈!..≈.≈≈.<♣♣≈§≈≈≈♣


You could see a shambling mangrove.

Vanquished Creatures
  2 thorn hunters (Swamp:3)
  2 fenstrider witches (Swamp:1)
  A fire giant (D:10)
  Louise (Swamp:3)
  An orc warlord (D:12)
  Nessos (Lair:6)
  3 eleionomae
  4 bunyips
  A minotaur (Gauntlet)
  A fire dragon (Volcano)
  Josephine (D:12)
  Harold (D:8)
  19 hydras
  Erolcha (D:9)
  3 boulder beetles
  A ghost crab (Swamp:2)
  Erica (D:10)
  A centaur warrior (D:13)
  A catoblepas (Lair:5)
  2 demonspawn (Orc:2)
  3 two-headed ogres
  An alligator (Swamp:3)
  4 death yaks (Lair:1)
  A tengu warrior (D:12)
  A hell hog (Volcano)
  3 orc high priests
  A fire crab (shapeshifter) (D:10)
  A sea snake (shapeshifter) (D:8)
  A death drake (Swamp:3)
  6 goliath frogs
  4 bog bodies
  3 spriggan druids
  Pikel (D:5)
  9 orc knights
  7 swamp dragons
  A lindwurm (Lair:5)
  A deep elf pyromancer (D:13)
  2 ugly things
  2 manticores (D:13)
  3 will-o-the-wisps
  12 orc sorcerers
  2 wolf spiders (Lair:6)
  2 cyclopes
  A rust devil (Orc:2)
  11 black mambas
  Maurice (D:9)
  12 elephants
  2 molten gargoyles (Volcano)
  A guardian serpent (Lair:6)
  18 cane toads
  A gargoyle (D:12)
  An unseen horror (D:13)
  Psyche (D:9)
  6 rime drakes
  A kobold demonologist (Bailey)
  A hellwing (Orc:2)
  An ice devil (IceCv)
  11 komodo dragons
  A burning bush (Lair:6)
  9 hornets
  8 tyrant leeches
  4 trolls
  2 polar bears
  A bloated husk (Swamp:3)
  A slime creature (Lair:6)
  20 blink frogs
  A meliai zombie (D:11)
  2 redbacks
  7 wraiths
  39 yaks
  6 spriggans
  A neqoxec (Orc:2)
  9 wyverns
  5 steam dragons
  4 basilisks
  2 vampire mosquitoes (D:11)
  12 fire bats
  A harpy simulacrum (IceCv)
  16 swamp worms
  3 wargs
  2 acid dragons
  29 water moccasins
  Duvessa (D:4)
  2 hell hounds (Volcano)
  35 orc warriors
  3 hornet zombies
  4 swamp drakes
  4 sky beasts
  2 ice beasts
  5 black bears
  12 ogres
  15 centaurs
  5 wolves (Lair:4)
  2 lemures (D:6)
  A kobold brigand (D:10)
  12 bullfrogs
  A gnoll sergeant (D:8)
  A two-headed ogre simulacrum (IceCv)
  A cane toad simulacrum (IceCv)
  4 scorpions
  Dowan (D:4)
  11 killer bees
  8 howler monkeys
  12 wights
  2 electric eels (Bailey)
  2 centaur zombies
  2 lava snakes (Volcano)
  2 bullfrog zombies (D:6)
  A centaur skeleton (D:7)
  3 hounds
  4 jellies
  A gnoll shaman (D:8)
  39 orc priests
  2 bullfrog skeletons
  4 hell rats (Lair:2)
  22 orc wizards
  An iguana (D:6)
  A spriggan simulacrum (IceCv)
  A troll simulacrum (IceCv)
  2 howler monkey zombies
  17 gnolls
  8 adders
  A shadow imp (D:6)
  3 white imps (IceCv)
  2 ufetubi (IceCv)
  2 worms (D:2)
  2 dart slugs
  106 orcs
  8 bats
  4 endoplasms
  5 giant cockroaches
  30 goblins
  11 hobgoblins
  5 jackals
  5 quokkas
  7 ball pythons
  7 kobolds
  4 rats
831 creatures vanquished.

Vanquished Creatures (collateral kills)
  An orc knight (Bailey)
  An orc warrior (Bailey)
  3 wights (D:6)
5 creatures vanquished.

Vanquished Creatures (others)
  A manticore (D:12)
  2 bloated husks (Swamp:4)
  4 dancing weapons
  A swamp drake (Swamp:4)
  A briar patch (Swamp:3)
  8 foxfires
  92 fungi
  104 plants
213 creatures vanquished.

Grand Total: 1049 creatures vanquished

Notes
Turn   | Place    | Note
-------+----------+-------------------------------------------
     0 | D:1      | GeorgeSoros the Spriggan Enchanter began the quest for the
                  | Orb.
     0 | D:1      | Reached XP level 1. HP: 9/9 MP: 5/5
   690 | D:1      | Reached XP level 2. HP: 11/13 MP: 6/6
   693 | D:1      | Learned a level 2 spell: Ensorcelled Hibernation
   769 | D:1      | Found a faded altar of an unknown god.
   963 | D:1      | Identified 2 scrolls of acquirement
   963 | D:1      | Acquired a +7 quick blade
  1099 | D:1      | Acquired a +1 shortbow of freezing
  1154 | D:1      | Reached skill level 5 in Stealth
  1445 | D:2      | Reached XP level 3. HP: 9/16 MP: 8/8
  1630 | D:2      | Found Lymo's Assorted Antiques.
  1820 | D:2      | Reached XP level 4. HP: 21/21 MP: 9/9
  2510 | D:3      | Noticed an ogre
  2835 | D:3      | Killed an ogre
  2836 | D:3      | Reached skill level 5 in Hexes
  2836 | D:3      | Reached XP level 5. HP: 17/24 MP: 10/10
  3367 | D:3      | Reached skill level 1 in Bows
  3829 | D:4      | Reached XP level 6. HP: 28/28 MP: 6/11
  3892 | D:4      | Noticed Duvessa
  3893 | D:4      | Noticed Dowan
  4365 | D:4      | Killed Duvessa
  4366 | D:4      | Reached XP level 7. HP: 30/32 MP: 8/12
  4370 | D:4      | Killed Dowan
  4747 | D:4      | Found a runed translucent door.
  4771 | D:4      | Noticed cheechan's ghost (weakling OpFE)
  4846 | D:4      | Reached skill level 5 in Short Blades
  5164 | D:4      | Found a runed translucent door.
  5397 | D:5      | Entered Level 5 of the Dungeon
  5419 | D:5      | Learned a level 3 spell: Tukima's Dance
  5423 | D:5      | Learned a level 3 spell: Confusing Touch
  5504 | D:5      | Reached skill level 5 in Bows
  5504 | D:5      | Reached XP level 8. HP: 36/36 MP: 13/13
  5988 | D:5      | Found a runed translucent door.
  5993 | D:5      | Noticed mort's ghost (novice OpMo)
  6954 | D:6      | Noticed Pikel
  7082 | D:5      | Killed Pikel
  7083 | D:5      | Reached XP level 9. HP: 11/39 MP: 11/14
  7739 | D:6      | Reached skill level 1 in Ice Magic
  8528 | D:7      | Found a staircase to the Ecumenical Temple.
  8978 | Temple   | Entered the Ecumenical Temple
  9025 | Temple   | Became a worshipper of Dithmenos the Shadowed
  9488 | D:7      | Upgraded the game from 0.28-a0-1143-gcf6077d to
                  | 0.28-a0-1159-g27aa881
  9680 | D:7      | Reached skill level 1 in Evocations
 10110 | D:7      | Reached XP level 10. HP: 44/44 MP: 15/15
 10269 | D:7      | Found an opulent altar of Gozag.
 10274 | D:7      | Found a stormy altar of Qazlal.
 10279 | D:7      | Found a snail-covered altar of Cheibriados.
 10282 | D:7      | Found an ornate altar of the Wu Jian Council.
 10284 | D:7      | Found a burning altar of Makhleb.
 10289 | D:7      | Found a white marble altar of Elyvilon.
 10860 | D:8      | Noticed Harold
 10886 | D:8      | Killed Harold
 10886 | D:8      | Reached * piety under Dithmenos
 10887 | D:8      | Reached skill level 10 in Bows
 10887 | D:8      | Reached skill level 5 in Evocations
 11248 | D:8      | Reached skill level 10 in Short Blades
 11285 | D:8      | Reached skill level 3 in Dodging
 11415 | D:8      | Found Uvaidoz's Assorted Antiques.
 11548 | D:8      | Noticed a sea snake
 11578 | D:8      | Killed a sea snake
 11579 | D:8      | Reached skill level 1 in Fighting
 11579 | D:8      | Reached skill level 4 in Dodging
 12053 | D:9      | Noticed Maurice
 12060 | D:9      | Killed Maurice
 12395 | D:9      | Reached ** piety under Dithmenos
 12410 | D:9      | Noticed Erolcha
 12435 | D:9      | Killed Erolcha
 12436 | D:9      | Reached skill level 5 in Dodging
 12470 | D:9      | Reached XP level 11. HP: 51/51 MP: 16/16
 12587 | D:9      | Noticed Psyche
 12594 | D:9      | Killed Psyche
 12617 | D:9      | Found a staircase to the Lair.
 12941 | D:9      | Reached skill level 6 in Dodging
 13698 | D:9      | Reached *** piety under Dithmenos
 13799 | Lair:1   | Entered Level 1 of the Lair of Beasts
 13976 | D:9      | Reached skill level 7 in Dodging
 13976 | D:9      | Reached skill level 10 in Stealth
 15763 | Lair:2   | Noticed a death yak
 15764 | Lair:2   | Noticed a death yak
 15775 | Lair:2   | Noticed a death yak
 15777 | Lair:2   | Noticed a death yak
 15862 | Lair:1   | Killed a death yak
 15863 | Lair:1   | Reached skill level 8 in Dodging
 16106 | Lair:1   | Killed a death yak
 16336 | Lair:1   | Killed a death yak
 16421 | Lair:1   | Killed a death yak
 16422 | Lair:1   | Reached skill level 9 in Dodging
 16749 | Lair:2   | Reached XP level 12. HP: 55/56 MP: 17/17
 17890 | Lair:2   | Reached skill level 10 in Dodging
 18055 | Lair:2   | Noticed a five-headed hydra
 18070 | Lair:2   | Killed a five-headed hydra
 18150 | Lair:2   | Reached **** piety under Dithmenos
 19112 | Lair:2   | Noticed a catoblepas
 19341 | Lair:2   | Reached skill level 11 in Dodging
 19498 | Lair:2   | Found a hole to the Spider Nest.
 19974 | Lair:3   | Noticed a seven-headed hydra
 20010 | Lair:3   | Killed a seven-headed hydra
 20247 | Lair:3   | Noticed a six-headed hydra
 20273 | Lair:3   | Killed a six-headed hydra
 20874 | Lair:4   | Noticed a four-headed hydra
 20880 | Lair:4   | Killed a four-headed hydra
 20881 | Lair:4   | Reached skill level 12 in Dodging
 20895 | Lair:4   | Found a staircase to the Swamp.
 21070 | Lair:4   | Reached XP level 13. HP: 60/60 MP: 18/18
 21108 | Lair:4   | Found a frozen archway.
 21140 | IceCv    | Entered an ice cave
 21291 | IceCv    | Reached ***** piety under Dithmenos
 22185 | Lair:5   | Reached skill level 1 in Invocations
 22671 | Lair:5   | Reached skill level 13 in Dodging
 23624 | Lair:6   | Entered Level 6 of the Lair of Beasts
 23988 | Lair:6   | Found a dark tunnel.
 23997 | Volcano  | Entered a volcano
 24259 | Volcano  | Found a radiant altar of Vehumet.
 24271 | Volcano  | Noticed a fire dragon
 24303 | Volcano  | Reached skill level 5 in Fighting
 24456 | Volcano  | Killed a fire dragon
 24457 | Volcano  | Reached skill level 15 in Bows
 24731 | Lair:6   | Reached skill level 14 in Dodging
 24821 | Lair:5   | Reached skill level 5 in Invocations
 25363 | Lair:5   | Reached XP level 14. HP: 64/68 MP: 14/19
 26295 | Lair:6   | Noticed Nessos
 26307 | Lair:6   | Killed Nessos
 27913 | Lair:6   | Reached skill level 15 in Dodging
 28091 | Lair:6   | Found a staircase to the Slime Pits.
 28807 | D:9      | Upgraded the game from 0.28-a0-1159-g27aa881 to
                  | 0.29-a0-322-g68df515
 28831 | D:10     | Entered Level 10 of the Dungeon
 28897 | D:10     | Noticed Erica
 28900 | D:10     | Killed Erica
 28933 | D:10     | Noticed a fire giant
 28933 | D:10     | Found the +7 great mace "Firestarter" {inner flame, rF++}
 29054 | D:10     | Found a flagged portal.
 29135 | Bailey   | Entered a bailey
 29197 | Bailey   | Found an iron altar of Okawaru.
 29233 | Bailey   | Reached ****** piety under Dithmenos
 29312 | Bailey   | Acquired the amulet "Ynuh" {Reflect MP+9 Str+4 Dex+2 Slay+3
                  | SH+5}
 29499 | Bailey   | Acquired the +3 warlock's mirror {reflect}
 29499 | Bailey   | Found the +3 warlock's mirror {reflect}
 29876 | D:10     | Reached skill level 1 in Shields
 30970 | D:10     | Killed a fire giant
 31926 | D:11     | Acquired 824 gold pieces
 32344 | D:11     | Acquired a ring of wizardry
 33070 | D:12     | Found a staircase to the Orcish Mines.
 33208 | D:12     | Upgraded the game from 0.29-a0-322-g68df515 to
                  | 0.29-a0-512-gf59ac78
 33425 | D:12     | Found Kexuf's Armour Shop.
 33715 | D:12     | Reached XP level 15. HP: 44/77 MP: 22/22
 33927 | D:13     | Found a gate leading to a gauntlet.
 33934 | Gauntlet | Entered a Gauntlet
 33934 | Gauntlet | Found a transporter.
 33945 | Gauntlet | Found a transporter.
 33947 | Gauntlet | Found a transporter.
 33950 | Gauntlet | Found a transporter.
 33950 | Gauntlet | Found a transporter.
 33951 | Gauntlet | Found a transporter.
 33958 | Gauntlet | Found a runed translucent door.
 33966 | Gauntlet | Found a transporter.
 33966 | Gauntlet | Found a transporter.
 33974 | Gauntlet | Found a large runed translucent door.
 33974 | Gauntlet | Found a large runed translucent door.
 33975 | Gauntlet | Found a large runed translucent door.
 33976 | Gauntlet | Found a large runed translucent door.
 33977 | Gauntlet | Found a runed translucent gate.
 33978 | Gauntlet | Found a transporter.
 33978 | Gauntlet | Found a runed translucent gate.
 33979 | Gauntlet | Found a runed translucent gate.
 33979 | Gauntlet | Found a large runed translucent door.
 33980 | Gauntlet | Found a large runed translucent door.
 33980 | Gauntlet | Found a large runed translucent door.
 33981 | Gauntlet | Found a large runed translucent door.
 33982 | Gauntlet | Found a large runed translucent door.
 33991 | Gauntlet | Found a large runed translucent door.
 33991 | Gauntlet | Found a large runed translucent door.
 33991 | Gauntlet | Found a runed translucent door.
 33991 | Gauntlet | Found a runed translucent door.
 33992 | Gauntlet | Found a large runed translucent door.
 33993 | Gauntlet | Found a large runed translucent door.
 33995 | Gauntlet | Found a transporter.
 33999 | Gauntlet | Found a transporter.
 34002 | Gauntlet | Found a large runed translucent door.
 34002 | Gauntlet | Found a large runed translucent door.
 34007 | Gauntlet | Found a transporter.
 34031 | Gauntlet | Found a large runed translucent door.
 34214 | Gauntlet | Identified the ring "Ovouzuip" {rF+ rN++ Will- rCorr Dex-4}
 34226 | Gauntlet | Identified the ring "Maemnuahe" {Will+ Int+4 Stlth+}
 34357 | D:13     | Reached skill level 5 in Shields
 34925 | Orc:1    | Entered Level 1 of the Orcish Mines
 34929 | Orc:1    | Noticed Josephine
 35001 | D:12     | Killed Josephine
 35167 | Orc:1    | Noticed an orc warlord
 35248 | D:12     | Killed an orc warlord
 35771 | Orc:1    | Reached skill level 10 in Invocations
 35906 | Orc:2    | Entered Level 2 of the Orcish Mines
 36367 | Orc:2    | Found Joffod's Distillery.
 36368 | Orc:2    | Found Guofaat's General Store.
 36798 | Orc:2    | Reached skill level 16 in Dodging
 37169 | Orc:2    | Reached skill level 17 in Dodging
 37277 | Orc:2    | Found Avvax's Jewellery Boutique.
 37277 | Orc:2    | Found a one-way gate leading to the halls of Pandemonium.
 37277 | Orc:2    | Found Ygusid's Antique Weapon Shop.
 37726 | Orc:2    | Found a staircase to the Elven Halls.
 38424 | Swamp:1  | Entered Level 1 of the Swamp
 38475 | Swamp:1  | Noticed a fenstrider witch
 38493 | Swamp:1  | Killed a fenstrider witch
 38507 | Swamp:1  | Upgraded the game from 0.29-a0-512-gf59ac78 to
                  | 0.29-a0-553-g81b289d
 38902 | Swamp:1  | Noticed a fenstrider witch
 38910 | Swamp:1  | Killed a fenstrider witch
 38911 | Swamp:1  | Reached skill level 18 in Dodging
 39440 | Lair:4   | Upgraded the game from 0.29-a0-553-g81b289d to
                  | 0.29-a0-658-g94431d1
 39451 | Lair:4   | Reached skill level 1 in Armour
 40635 | Swamp:3  | Noticed a thorn hunter
 40786 | Swamp:3  | Killed a thorn hunter
 40787 | Swamp:3  | Reached XP level 16. HP: 60/83 MP: 24/24
 41092 | Swamp:3  | Noticed Louise
 41201 | Swamp:3  | Killed Louise
 41244 | Swamp:3  | Reached skill level 10 in Evocations
 41655 | Swamp:3  | Learned a level 7 spell: Enfeeble
 42032 | Swamp:4  | Entered Level 4 of the Swamp
 42069 | Swamp:4  | Noticed a thorn hunter
 43730 | Swamp:4  | Noticed a thorn hunter
 43744 | Swamp:3  | Killed a thorn hunter
 43745 | Swamp:3  | Reached skill level 10 in Hexes
 44116 | Swamp:4  | Noticed the 27-headed Lernaean hydra
 44201 | Swamp:3  | Constricted to death by a shambling mangrove

Illustrated notes

Levels and vault maps discovered:
D:1:      dpeg_arrival_pits, layout_basic, chequers_ecumenical_altar_island
D:2:      layout_loops_ring, serial_shops, nicolae_diamond_shop,
          minmay_tiny_reverse_x
D:3:      layout_basic
D:4:      layout_basic, ebering_ghost_sewer_f, minmay_ogre_servants,
          uniq_duvessa
D:5:      layout_layer_cave, ebering_ghost_sewer_d, minmay_manual_mess
D:6:      layout_loops_corners, kennysheep_generic_room_6, uniq_pikel
D:7:      cheibrodos_steamvent, layout_basic,
          nicolae_overflow_hallway_of_the_gods, temple_fountains,
          grunt_ministairs_7, item_on_display_a
D:8:      layout_loops_ring, serial_shops, nicolae_shop_hallway_stairs,
          uniq_harold
D:9:      layout_irregular_city, due_lair_maze_entry_diamond, uniq_psyche,
          uniq_erolcha, uniq_maurice
D:10:     minmay_firetagon, layout_cave_pods, enter_bailey_5, minivault_5,
          kennysheep_small_square, uniq_erica
D:11:     layout_stronghold
D:12:     layout_basic, david_orc_2, nicolae_take_the_stairs,
          minmay_misc_feat_pillars
D:13:     layout_cross, gauntlet_entry_generic
Temple:   regret_index_temple_sphere_string
Lair:1:   layout_cave_shapes
Lair:2:   layout_chaotic_city, spider_nest_entry_rubble
Lair:3:   layout_chaotic_city, grunt_forest_stairs_basic,
          nicolae_quartered_pool_little
Lair:4:   layout_regular_city, minmay_swamp_entry_worms,
          portal_ice_cave_entry_pillars_1
Lair:5:   layout_cave_pods, chequers_serial_rivers_micro_a, lemuel_fruit_fields
Lair:6:   hangedman_lair_tendril_chambers, layout_misc_corridors,
          minmay_slime_entry_pillars, nicolae_volcano_entry_vermiform,
          evilmike_ambush [evilmike_ambush_outer_corners,
          evilmike_ambush_inner_cross], uniq_nessos
Swamp:1:  layout_falls_marsh, evilmike_swamp_ruin_house_3, swamp_pool4,
          cheibrodos_swamp_witchery
Swamp:2:  layout_falls_marsh, infiniplex_staircase_pool_2
Swamp:3:  layout_basic_swamp, nicolae_swamp_round_clearing, swamp_pool3,
          uniq_louise
Swamp:4:  swamp_alternative, layout_basic_swamp
Orc:1:    layout_caves, basic_altar, uniq_josephine
Orc:2:    pf_orc_diabolical, layout_caves

Skill      XL: |  1  2  3  4  5  6  7  8  9 10 11 12 13 14 15 16 |
---------------+-------------------------------------------------+-----
Hexes          | 4 5 6 7 9 10 | 10.1
Stealth        | 5 6 8 12 14 | 14.5
Short Blades   | 2 3 4 5 7 9 10 | 10.0
Bows           | 1 3 5 7 9 10 11 13 15 | 15.1
Ice Magic      | 3 |  3.0
Evocations     | 2 6 7 8 9 11 | 11.0
Dodging        | 5 9 12 14 15 18 | 18.3
Fighting       | 2 3 5 7 8 9 |  9.5
Invocations    | 5 8 10 | 10.0
Shields        | 4 5 |  5.0
Armour         | 2 3 |  3.7
Spellcasting   | |  2.6

Action                   |  1- 3 |  4- 6 |  7- 9 | 10-12 | 13-15 | 16-18 || total
-------------------------+-------+-------+-------+-------+-------+-------++-------
Melee: Dagger            |    35 |       |       |       |       |       ||    35
       Quick blade       |    24 |    85 |   276 |   412 |  2132 |   269 ||  3198
       Unarmed           |       |       |     1 |    26 |     7 |       ||    34
       Shortbow          |       |       |       |     1 |       |       ||     1
 Fire: Shortbow          |       |    12 |    30 |   658 |   172 |       ||   872
Throw: Dart              |    50 |    21 |     4 |     6 |    19 |       ||   100
 Cast: Ensorcelled Hiber |       |    15 |    42 |    45 |    19 |       ||   121
       Tukima's Dance    |       |       |    10 |       |    28 |       ||    38
       Confusing Touch   |       |       |     2 |    14 |     4 |       ||    20
Invok: Shadow Step       |       |       |       |       |     9 |       ||     9
Evoke: Wand              |       |     1 |       |     2 |    20 |    18 ||    41
       Lightning rod     |       |       |       |       |    24 |     1 ||    25
  Use: Scroll            |     4 |     5 |     7 |     5 |    19 |     3 ||    43
       Potion            |     1 |       |       |     1 |     6 |     4 ||    12
 Stab: Sleeping          |     2 |    15 |    34 |    32 |    64 |     2 ||   149
       Distracted        |       |     1 |     2 |     5 |    19 |     2 ||    29
       Confused          |       |       |     2 |    18 |     5 |     1 ||    26
       Paralysed         |       |       |       |       |     4 |       ||     4
       Petrifying        |       |       |       |       |     1 |       ||     1
Armor: Robe              |     2 |     3 |    15 |       |       |       ||    20
       Steam dragon scal |       |       |       |    15 |    41 |    10 ||    66
Dodge: Dodged            |    38 |    42 |    93 |   247 |  1063 |   274 ||  1757
       Repelled          |       |       |       |       |    12 |    10 ||    22
Block: Buckler           |       |       |       |       |   444 |   195 ||   639
       Other             |       |       |       |       |    20 |       ||    20
       Reflection        |       |       |       |       |    31 |    14 ||    45

Table legend: (Time is in decaauts)
 A = Elapsed time spent in this place.
 B = Non-inter-level travel time spent in this place.
 C = Inter-level travel time spent in this place.
 D = Time resting spent in this place.
 E = Time spent auto-exploring this place.
 F = Levels seen in this place.
 G = Mean time per level.
                   A        B        C        D        E       F      G
               +--------+--------+--------+--------+--------+-----+--------+
         Total |  32740 |  31470 |   1270 |   9045 |  14412 |  30 | 1091.3 |
       Dungeon |  14805 |  14129 |    676 |   2758 |   8084 |  13 | 1138.8 |
        Temple |     75 |     71 |      4 |      0 |     58 |   1 |   75.0 |
          Lair |   9777 |   9323 |    454 |   2616 |   4230 |   6 | 1629.5 |
         Swamp |   4753 |   4675 |     78 |   2819 |    871 |   4 | 1188.2 |
  Orcish Mines |   2178 |   2122 |     56 |    669 |    926 |   2 | 1089.0 |
        Bailey |    453 |    453 |      0 |     89 |     61 |   1 |  453.0 |
      Ice Cave |    147 |    147 |      0 |      0 |     96 |   1 |  147.0 |
       Volcano |    340 |    340 |      0 |     92 |      0 |   1 |  340.0 |
      Gauntlet |    208 |    208 |      0 |      0 |     84 |   1 |  208.0 |
               +--------+--------+--------+--------+--------+-----+--------+

Top non-repeatable levels by time:
  Lair:5: 3039 daAuts
 Swamp:3: 2534 daAuts
  Lair:1: 2171 daAuts
     D:9: 1996 daAuts
     D:6: 1721 daAuts
    D:10: 1533 daAuts
  Lair:2: 1448 daAuts
   Orc:2: 1413 daAuts
  Lair:6: 1296 daAuts
     D:8: 1287 daAuts
     D:4: 1232 daAuts
  Lair:4: 1206 daAuts
     D:1: 1125 daAuts
 Swamp:2: 1106 daAuts
    D:12: 1041 daAuts
